 Dungeon Crawl Stone Soup version 0.18.1-48-g4cf74bf (webtiles) character file.

105 Inkary the Cudgeler (level 4, -2/40 HPs)
             Began as a Hill Orc Gladiator on Aug 25, 2016.
             Was an Initiate of Okawaru.
             Slain by a gnoll
             ... wielding a +2 dagger of chaos
              (3 damage)
             ... on level 4 of the Dungeon.
             The game lasted 00:03:30 (2249 turns).

Inkary the Cudgeler (Hill Orc Gladiator)            Turns: 2249, Time: 00:03:31

Health: -2/40      AC:  5    Str: 17    XL:     4   Next: 83%
Magic:  4/4        EV:  7    Int: 10    God:    Okawaru [......]
Gold:   168        SH:  0    Dex: 12    Spells: 0 memorised, 3 levels left

rFire  . . .     SeeInvis .     v - +2 spear (chaos)
rCold  . . .     Gourm    .     b - +0 leather armour
rNeg   . . .     Faith    .     (no shield)
rPois  .         Spirit   .     c - +0 helmet
rElec  .         Dismiss  .     (no cloak)
rCorr  .         Reflect  .     l - +0 pair of gloves
SustAt .         Harm     .     (no boots)
MR     .....                    (no amulet)
Stlth  +.........               (no ring)
                                (no ring)

@: very slightly contaminated, hasted, drained, very quick, not resistant to
hostile enchantments, very unstealthy
A: clever 1
a: Renounce Religion


You were on level 4 of the Dungeon.
You worshipped Okawaru.
Okawaru was noncommittal.
You were hungry.

You visited 1 branch of the dungeon, and saw 4 of its levels.

You collected 168 gold pieces.

Inventory:

Hand Weapons
 a - a +0 flail
 v - a +2 spear of chaos (weapon)
Missiles
 d - 4 throwing nets (quivered)
Armour
 b - a +0 leather armour (worn)
 c - a +0 helmet (worn)
 l - a +0 pair of gloves (worn)
Jewellery
 t - the cursed ring of Mogelyed {rElec rN+ Int-2, unknown}
   (You found it on level 4 of the Dungeon)

   [ring of intelligence]

   It affects your intelligence (-2).
   It insulates you from electricity.
   It protects you from negative energy.
   It has a curse placed upon it.
 w - a cursed ring of fire {unknown}
Scrolls
 m - 2 scrolls of remove curse {unknown}
 n - a scroll of amnesia {unknown}
 r - 2 scrolls of fear {unknown}
 s - 3 scrolls of identify {unknown}
Potions
 e - a potion of beneficial mutation
 i - 2 potions of curing
 j - a potion of heal wounds
 k - 2 potions of flight {unknown}
 o - 2 potions of haste
 p - 2 potions of brilliance {unknown}
Comestibles
 f - 2 bread rations
 g - 2 royal jellies
 h - 4 slices of pizza
 q - 2 meat rations
 u - a beef jerky
 x - 3 fruits


   Skills:
 + Level 3.8(3.3) Fighting
 - Level 4.1(3.6) Maces & Flails
 - Level 1.7(1.3) Throwing
 + Level 2.9(2.4) Armour
 - Level 2.4(1.9) Dodging


You had 3 spell levels left.
You didn't know any spells.

Dungeon Overview and Level Annotations

Branches:
Dungeon (4/15)
 Temple: D:4-7

Altars:
Makhleb
Nemelex Xobeh
Okawaru
Pakellas
Ru
Sif Muna
Trog
Xom
Zin

Annotations:
D:4 Grinder


Innate Abilities, Weirdness & Mutations

Your mind is acute. (Int +2)


Message History

The gnoll hits you with a dagger of chaos.
Space bends around you. Grinder hits you but does no damage.
Drink which item? (? for menu, Esc to quit)
It was a potion of beneficial mutation.
You feel clever.
You feel fantastic! The gnoll barely misses you. Grinder gestures at you.
You barely resist. The gnoll misses you.
Drink which item? (? for menu, Esc to quit)
It was a potion of haste.
You feel yourself speed up.
The gnoll hits you with a dagger of chaos.
* * * LOW HITPOINT WARNING * * *
You feel drained.
* * * LOW HITPOINT WARNING * * *
Grinder blinks!
You are very lightly contaminated with residual magic.
The gnoll hits you with a dagger of chaos!
* * * LOW HITPOINT WARNING * * *
The gnoll burns you.
You die...

##### ...# ...####
. ### .....##.. ...
.......
#...##########...5#
#...#..........g..#
.......# #@...#
#..#.#####....#
#.............#
#..#......#.###
#..#[.....#.#
###..#......#.# ..
#....#......#.# ...
#.#..#.##.###.#
....#.#..#.##.# .#


You could see Grinder and a gnoll (berserk).

Vanquished Creatures
  A gnoll (D:3)
  An adder (D:2)
  A worm (D:2)
  4 giant geckos
  2 orcs (D:3)
  13 goblins
  9 hobgoblins
  4 jackals (D:2)
  12 kobolds
  2 ball pythons (D:2)
  9 bats
  5 giant newts
  7 rats
70 creatures vanquished.

Notes
Turn   | Place    | Note
--------------------------------------------------------------
     0 | D:1      | Inkary the Hill Orc Gladiator began the quest for the Orb.
     0 | D:1      | Reached XP level 1. HP: 18/18 MP: 1/1
   214 | D:1      | Reached XP level 2. HP: 25/25 MP: 2/2
   378 | D:1      | Reached skill level 1 in Armour
   723 | D:1      | Reached XP level 3. HP: 30/30 MP: 3/3
  1079 | D:2      | Reached skill level 4 in Maces & Flails
  1206 | D:2      | Found a shimmering altar of Xom.
  1206 | D:2      | Found a deep blue altar of Sif Muna.
  1207 | D:2      | Found a sacrificial altar of Ru.
  1207 | D:2      | Found a sparkling altar of Nemelex Xobeh.
  1220 | D:2      | Found an oddly glowing altar of Pakellas.
  1220 | D:2      | Found an iron altar of Okawaru.
  1221 | D:2      | Found a bloodstained altar of Trog.
  1231 | D:2      | Became a worshipper of Warmaster Okawaru
  1328 | D:2      | Reached XP level 4. HP: 25/38 MP: 4/4
  1620 | D:3      | Found a burning altar of Makhleb.
  1622 | D:3      | Found a glowing silver altar of Zin.
  1622 | D:3      | Noticed an angel
  1623 | D:3      | Noticed a blizzard demon
  1863 | D:3      | Found a shimmering altar of Xom.
  2207 | D:4      | Got a warped wooden ring
  2235 | D:4      | Noticed Grinder
  2240 | D:4      | Paralysed by Grinder for 6 turns
  2247 | D:4      | Gained mutation: Your mind is acute. (Int +2) [potion of beneficial mutation]
  2249 | D:4      | HP: 1/40 [gnoll/dagger of chaos (10)]
  2249 | D:4      | Slain by a gnoll

Skill      XL: |  1  2  3  4 |
---------------+-------------+-----
Armour         | 1 2 |  2.9
Fighting       | 3 |  3.8
Maces & Flails | 4 |  4.1
Throwing       | |  1.7
Dodging        | |  2.4

Action                   |  1- 3 |  4- 6 || total
-------------------------+-------+-------++-------
Melee: Flail             |   152 |     6 ||   158
       Spear             |       |    71 ||    71
  Use: Potion            |       |     5 ||     5
 Stab: Sleeping          |       |     1 ||     1
  Eat: Chunk             |     1 |     3 ||     4
Armor: Leather armour    |    65 |    29 ||    94
Dodge: Dodged            |   125 |    46 ||   171
